 Dungeon Crawl Stone Soup version 0.21-a0-476-gd103f4b (webtiles) character file.

57452 Laiders the Bludgeoner (level 14, 0/133 HPs)
             Began as a Minotaur Berserker on Nov 22, 2017.
             Was an Elder of Trog.
             Killed from afar by a starcursed mass (7 damage)
             ... with an accursed screaming
             ... on level 1 of the Abyss.
             The game lasted 00:56:32 (19511 turns).

Laiders the Bludgeoner (Minotaur Berserker)        Turns: 19511, Time: 00:56:33

Health: 0/133      AC: 18    Str: 25    XL:     14   Next: 45%
Magic:  19/19      EV: 15    Int:  6    God:    Trog [****..]
Gold:   162        SH:  4    Dex: 10    Spells: 13/13 levels left

rFire    + . .     SeeInvis .   b - +7 morningstar (protect)
rCold    + . .     Gourm    .   l - +0 buckler
rNeg     . . .     Faith    .   P - +3 scale mail {rPois}
rPois    +         Spirit   .   (helmet restricted)
rElec    .         Reflect  .   a - +1 cloak
rCorr    .         Harm     .   i - +1 pair of gloves
MR       +....                  (no boots)
Stlth    ..........             (no amulet)
HPRegen  0.32/turn              L - ring of protection from cold
MPRegen  0.16/turn              H - ring of protection from fire

@: about to teleport, glowing
A: retaliatory headbutt, horns 2
a: Berserk, Trog's Hand, Brothers in Arms, Burn Spellbooks, Renounce Religion


You were on level 1 of the Abyss.
You worshipped Trog.
Trog was greatly pleased with you.
You were not hungry.

You visited 2 branches of the dungeon, and saw 17 of its levels.
You visited the Abyss 1 time.
You also visited: Sewer.

You collected 1157 gold pieces.
You spent 995 gold pieces at shops.

Inventory:

Hand Weapons
 b - a +7 morningstar of protection (weapon)
Missiles
 D - 6 throwing nets (quivered)
Armour
 a - a +1 cloak (worn)
 i - a +1 pair of gloves (worn)
 l - a +0 buckler (worn)
 G - a +1 plate armour of fire resistance
 P - a +3 scale mail of poison resistance (worn)
Jewellery
 q - an uncursed ring of positive energy
 F - an uncursed ring of positive energy
 H - a ring of protection from fire (right hand)
 L - a ring of protection from cold (left hand)
 M - an uncursed ring of flight
Wands
 n - a wand of enslavement (33)
 y - a wand of polymorph (12)
 J - a wand of iceblast (33)
 N - a wand of acid (8)
 O - a wand of disintegration (15)
Scrolls
 e - 3 scrolls of enchant weapon
 h - a scroll of blinking
 m - 7 scrolls of remove curse
 p - a scroll of immolation
 s - 5 scrolls of teleportation
 x - a scroll of fog {unknown}
 B - 3 scrolls of magic mapping
 I - a scroll of vulnerability {unknown}
 Q - a scroll of torment {unknown}
Potions
 d - a potion of mutation
 g - 2 potions of cancellation
 j - 2 potions of brilliance
 k - 10 potions of curing
 o - a potion of haste
 r - 2 potions of flight
 w - 3 potions of agility
 z - 2 potions of invisibility
 A - 2 potions of ambrosia
Miscellaneous
 C - a lightning rod (4/4)
 K - a box of beasts
Comestibles
 c - 10 bread rations
 f - 26 royal jellies
 t - 12 meat rations
 u - 21 fruits


   Skills:
 + Level 14.3 Fighting
 - Level 16.0 Maces & Flails
 + Level 14.4 Armour
 - Level 10.0 Dodging
 - Level 4.1 Shields
 + Level 8.7 Evocations


You had 13 spell levels left.
You didn't know any spells.

Dungeon Overview and Level Annotations

Branches:
Dungeon (15/15)            Temple (0/1) D:5            Lair (2/6) D:10
    Orc (0/2) D:10         Vaults (0/5) D:14         Depths (0/5) D:15
  Swamp: Lair:2-4    Shoals: Lair:2-4     Snake: Lair:2-4    Spider: Lair:2-4

Altars:
Ashenzari
Gozag
Kikubaaqudgha
Makhleb
Okawaru
Ru
Uskayaw
Wu Jian
Yredelemnul

Shops:
D:7 (   D:15 *[*(

Annotations:
Lair:2 Sonja


Innate Abilities, Weirdness & Mutations

You reflexively headbutt those who attack you in melee.
You have a pair of horns on your head.


Message History

The small abomination hits you but does no damage.
A starcursed mass splits.
The angel hits you with a whip of holy wrath!!
* * * LOW HITPOINT WARNING * * *
The angel barely misses you.
A deafening chorus of shrieks assaults your mind!
* * * LOW HITPOINT WARNING * * *
You suddenly lose the ability to move!
You can move again.
You feel much better. You block the angel's attack.
The angel hits you with a whip of holy wrath.
The white imp barely misses you.
A deafening chorus of shrieks assaults your mind!
* * * LOW HITPOINT WARNING * * *
The angel hits you with a whip of holy wrath!
* * * LOW HITPOINT WARNING * * *
The angel hits you with a whip of holy wrath.
* * * LOW HITPOINT WARNING * * *
A deafening chorus of shrieks assaults your mind!
You die...

## # ...≈ ≈ ####
.###..≈ . ...
..#.##.# # #
..####..#.#... #.
#...#...###. . ..
#..#....X.#...
.##.#.##.##..#X...X.
.......@A.xXXX.##.#.
........5....XX...##
..#....#......#.#.##
##...≈...#.....###
#....###.#...#... .
###.. ..###.#...#.
### .#.. ..###.≈...
..#... .. .###.


You could see 6 starcursed masses, an angel, a small abomination and a white
imp.

Vanquished Creatures
  Rupert (D:14)
  A tentacled starspawn (Abyss:1)
  Agnes (D:14)
  Erolcha (D:10)
  Josephine (D:11)
  A rakshasa (D:15)
  Harold (D:11)
  A centaur warrior (D:14)
  2 hydras
  6 two-headed ogres
  The ghost of Gwenloh the Cleaver, a journeyman VSBe of Trog (D:10)
  A tengu warrior (D:15)
  A spatial maelstrom (Abyss:1)
  A wizard (D:15)
  3 unseen horrors (D:15)
  An orb spider (shapeshifter) (D:14)
  16 ugly things
  An oklob plant (Lair:1)
  3 cyclopes
  An orc sorcerer (D:15)
  A necromancer (D:15)
  7 deep elf magi
  2 manticores
  Joseph (D:10)
  A spiny frog (Lair:2)
  2 gargoyles
  A kobold demonologist (D:13)
  4 yaktaurs
  3 demonic crawlers (D:14)
  A yaktaur (shapeshifter) (D:13)
  2 komodo dragons
  3 meliai (D:12)
  A queen bee (D:12)
  3 trolls
  An ancient zyme (Abyss:1)
  A hornet (D:15)
  2 slime creatures (D:15)
  4 hippogriffs
  A centaur simulacrum (D:15)
  7 wraiths
  2 water elementals (D:15)
  2 shadows
  2 wyverns
  23 yaks
  A hungry ghost (D:12)
  A basilisk (D:15)
  Grum (Lair:1)
  A warg (D:10)
  6 vampire mosquitoes
  2 water moccasins
  2 soldier ants
  8 orc warriors
  3 porcupines (D:10)
  5 sky beasts
  4 ice beasts
  2 phantoms
  2 necrophages
  An eye of draining (D:13)
  3 wolves (Lair:1)
  A black bear (D:8)
  7 ogres
  11 centaurs
  5 crocodiles
  7 big kobolds
  12 bullfrogs
  A gnoll sergeant (D:9)
  2 wyvern skeletons (D:15)
  A water moccasin zombie (D:8)
  2 scorpions
  7 wights
  28 killer bees
  5 electric eels
  A howler monkey (D:4)
  4 crimson imps
  3 bullfrog zombies
  2 quasits
  5 centaur zombies
  7 hounds
  An iron imp (Abyss:1)
  3 human zombies (D:7)
  8 jellies
  13 orc wizards
  6 centaur skeletons
  9 orc priests
  3 iguanas
  6 worker ants
  A killer bee zombie (D:8)
  2 hound skeletons
  2 mummies (D:7)
  14 adders
  16 gnolls
  A howler monkey skeleton (D:9)
  2 river rats (Sewer)
  A shadow imp (D:9)
  7 oozes
  An adder skeleton (D:4)
  11 worms
  6 dart slugs
  6 leopard geckos
  39 orcs
  6 ball pythons
  4 bats
  5 giant cockroaches
  20 goblins
  20 hobgoblins
  5 jackals
  2 quokkas
  9 frilled lizards
  39 kobolds
  17 rats
560 creatures vanquished.

Vanquished Creatures (collateral kills)
  A two-headed ogre (D:8)
  A deep elf knight (D:14)
  An orc knight (D:14)
  2 trolls
  3 yaks (D:11)
  An orc warrior (D:9)
  A sky beast (D:10)
  A centaur (D:10)
  An orc wizard (D:9)
  An orc (D:9)
  2 kobolds (D:9)
15 creatures vanquished.

Vanquished Creatures (others)
  An ooze (D:2)
  A ball python (D:2)
  9 fungi (D:10)
  12 plants
  4 starspawn tentacles (Abyss:1)
27 creatures vanquished.

Grand Total: 602 creatures vanquished

Notes
Turn   | Place    | Note
-------+----------+-------------------------------------------
     0 | D:1      | Laiders the Minotaur Berserker began the quest for the Orb.
     0 | D:1      | Reached XP level 1. HP: 19/19 MP: 0/0
   142 | D:1      | Reached skill level 4 in Maces & Flails
   163 | D:1      | Reached XP level 2. HP: 25/26 MP: 1/1
   447 | D:1      | Reached skill level 5 in Maces & Flails
   555 | D:1      | Reached XP level 3. HP: 29/31 MP: 2/2
   975 | D:2      | Reached ** piety under Trog
  1068 | D:2      | Reached skill level 1 in Shields
  1389 | D:2      | Reached XP level 4. HP: 39/39 MP: 3/3
  1924 | D:3      | Reached skill level 6 in Maces & Flails
  2113 | D:3      | Reached XP level 5. HP: 44/45 MP: 4/4
  2220 | D:3      | Found a faded altar of an unknown god.
  2417 | D:3      | Found an ornate altar of the Wu Jian Council.
  2545 | D:3      | Reached *** piety under Trog
  2760 | D:4      | Found a glowing drain.
  2796 | Sewer    | Entered a sewer
  2993 | Sewer    | Reached XP level 6. HP: 50/51 MP: 5/5
  3106 | Sewer    | Reached skill level 7 in Maces & Flails
  3208 | Sewer    | Reached skill level 8 in Maces & Flails
  3316 | Sewer    | Reached XP level 7. HP: 55/57 MP: 6/6
  3332 | Sewer    | Reached skill level 9 in Maces & Flails
  3620 | D:4      | Reached **** piety under Trog
  3620 | D:4      | Reached skill level 10 in Maces & Flails
  3698 | D:4      | Found a burning altar of Makhleb.
  4359 | D:5      | Entered Level 5 of the Dungeon
  4370 | D:5      | Reached XP level 8. HP: 64/64 MP: 7/7
  4526 | D:5      | Found a staircase to the Ecumenical Temple.
  4652 | D:5      | Reached skill level 11 in Maces & Flails
  4910 | D:5      | Found an iron altar of Okawaru.
  4910 | D:5      | Found a shattered altar of Ashenzari.
  5134 | D:6      | Reached skill level 12 in Maces & Flails
  5345 | D:6      | Reached ***** piety under Trog
  5354 | D:6      | Reached skill level 13 in Maces & Flails
  5432 | D:6      | Reached XP level 9. HP: 48/70 MP: 8/8
  6050 | D:7      | Found Serurchoata's Antique Weapon Shoppe.
  6057 | D:7      | Bought a glowing morningstar for 196 gold pieces
  6142 | D:7      | Found a sacrificial altar of Ru.
  6514 | D:7      | Reached skill level 14 in Maces & Flails
  6576 | D:7      | Found an ancient bone altar of Kikubaaqudgha.
  6823 | D:7      | Reached skill level 5 in Fighting
  7090 | D:8      | Received a gift from Trog
  7447 | D:8      | Noticed a two-headed ogre
  7460 | D:8      | Killed a two-headed ogre
  7460 | D:8      | Reached skill level 5 in Armour
  7460 | D:8      | Reached XP level 10. HP: 49/83 MP: 9/9
  7468 | D:8      | Reached skill level 5 in Dodging
  7913 | D:8      | Noticed a two-headed ogre
  7921 | D:8      | Killed a two-headed ogre
  8223 | D:8      | Noticed a two-headed ogre
  8230 | D:8      | Killed a two-headed ogre
  8513 | D:9      | Noticed a dagger
  8513 | D:9      | Found a hide-covered altar of Uskayaw.
  8513 | D:9      | Noticed a dagger
  9273 | D:10     | Entered Level 10 of the Dungeon
  9314 | D:10     | Found a staircase to the Orcish Mines.
  9396 | D:10     | Noticed Joseph
  9396 | D:10     | Noticed Erolcha
  9405 | D:10     | Killed Joseph
  9414 | D:10     | Killed Erolcha
  9414 | D:10     | Reached XP level 11. HP: 62/95 MP: 10/10
  9823 | D:10     | Noticed a two-headed ogre
  9832 | D:10     | Killed a two-headed ogre
 10243 | D:10     | Noticed Gwenloh's ghost (journeyman VSBe)
 10257 | D:10     | Killed Gwenloh's ghost
 10623 | D:10     | Found a staircase to the Lair.
 10788 | D:11     | Reached skill level 10 in Fighting
 10830 | D:11     | Found a basalt altar of Yredelemnul.
 10862 | D:11     | Noticed a two-headed ogre
 10864 | D:11     | Noticed Josephine
 10869 | D:11     | Killed a two-headed ogre
 10869 | D:11     | Reached skill level 10 in Armour
 10884 | D:11     | Killed Josephine
 10887 | D:11     | Reached skill level 10 in Dodging
 10946 | D:11     | Reached skill level 1 in Evocations
 11196 | D:11     | Noticed Harold
 11208 | D:11     | Killed Harold
 11343 | D:11     | Reached XP level 12. HP: 72/107 MP: 12/12
 11857 | D:12     | Noticed a five-headed hydra
 11865 | D:12     | Killed a five-headed hydra
 11959 | D:12     | Got a brightly glowing quarterstaff
 11965 | D:12     | Identified the cursed +0 quarterstaff "Jellybane" {venom, rN+} (You found it on level 12 of the Dungeon)
 12467 | D:12     | Received a gift from Trog
 13160 | D:12     | Noticed a two-headed ogre
 13167 | D:12     | Killed a two-headed ogre
 13167 | D:12     | Reached skill level 15 in Maces & Flails
 13702 | D:13     | Reached skill level 5 in Evocations
 13813 | D:13     | Reached XP level 13. HP: 92/117 MP: 15/15
 15060 | D:14     | Noticed Agnes
 15077 | D:14     | Killed Agnes
 15470 | D:14     | Found an opulent altar of Gozag.
 15486 | D:14     | Noticed Rupert
 15498 | D:14     | Killed Rupert
 15498 | D:14     | Reached skill level 16 in Maces & Flails
 15988 | D:14     | Got a polished long sword
 16028 | D:14     | Found a gate to the Vaults.
 16127 | D:14     | Identified the +4 long sword "Vorairoo" {drain, Dex+4} (You found it on level 14 of the Dungeon)
 16158 | D:15     | Entered Level 15 of the Dungeon
 16158 | D:15     | Found Idwol's Assorted Antiques.
 16158 | D:15     | Found Funesuog's Weapon Shop.
 16185 | D:15     | Bought a scroll of identify for 62 gold pieces
 16185 | D:15     | Bought a long bronze wand for 124 gold pieces
 16185 | D:15     | Bought a scroll of identify for 62 gold pieces
 16185 | D:15     | Bought a wooden wand for 124 gold pieces
 16229 | D:15     | Received a gift from Trog
 16748 | D:15     | Reached XP level 14. HP: 98/129 MP: 18/18
 17835 | D:15     | Found Radwaw's Armour Shop.
 17836 | D:15     | Found Pylius's General Store.
 17930 | D:15     | Bought a +3 scale mail of poison resistance for 322 gold pieces
 17930 | D:15     | Bought a scroll of enchant weapon for 105 gold pieces
 18141 | D:15     | Found a staircase to the Depths.
 18475 | Lair:1   | Entered Level 1 of the Lair of Beasts
 18475 | Lair:1   | Found a sacrificial altar of Ru.
 18585 | Lair:1   | Noticed Grum
 18598 | Lair:1   | Killed Grum
 19376 | Lair:2   | Noticed Sonja
 19391 | Lair:2   | Cast into level 1 of the Abyss (Sonja)
 19453 | Abyss:1  | Noticed a tentacled starspawn
 19462 | Abyss:1  | Killed a tentacled starspawn
 19469 | Abyss:1  | Noticed a tentacled starspawn
 19493 | Abyss:1  | Noticed a starcursed mass
 19496 | Abyss:1  | Noticed an angel
 19508 | Abyss:1  | Paralysed by accursed screaming for 1 turns
 19511 | Abyss:1  | Killed from afar by a starcursed mass

Vault maps used:
D:1:      dpeg_arrival_solitude, minivault_14, minmay_pentomino_t4
D:2:      lemuel_flame_loot_1
D:3:      lemuel_coloured_pillars_altar, chequers_ecumenical_altar_simple,
          minmay_lizard_king
D:4:      cheibrodos_sewer_entry_drain, makhleb_heckhound_becter
D:5:      gammafunk_temple_overflow_elements, minmay_temple_entry_mist,
          first_bread, grunt_decor_resistance, kennysheep_dice
D:7:      lemuel_mausoleum_altar_kikubaaqudgha, kennysheep_mini, serial_shops,
          shop_statue
D:8:      corexii_shantytown, hangedman_little_slice_of_home
D:9:      dancing_weapons_uskayaw, grunt_ministairs_14
D:10:     grunt_lair_entry_orc_guard_hut, erik_orc_3, uniq_joseph, uniq_erolcha
D:11:     lab_entry_generic, yredelemnul_altar_generic, uniq_harold,
          uniq_josephine
D:12:     special_room
D:14:     hangedman_vaults_entry_quadrant_bands,
          nicolae_gozag_cash_rules_everything_around_me,
          einodemon_crawler_minivault, uniq_agnes, uniq_rupert
D:15:     grunt_enter_depths_magical_seal, minmay_crystal_room, serial_shops,
          shop, shop, nicolae_shop_waterfront, nicolae_shop_statue_plus,
          nrook_pool_corridor, minmay_misc_feat_chi
Lair:1:   lemuel_oklob_altar, serial_bayou_shore_a, uniq_grum
Lair:2:   minmay_snake_entry_guardpost_medium, uniq_sonja, uniq_nergalle
Sewer:    sewer_co_tree

Skill      XL: |  1  2  3  4  5  6  7  8  9 10 11 12 13 14 |
---------------+-------------------------------------------+-----
Maces & Flails | 4 5 6 8 10 13 14 15 16 | 16.0
Shields        | 1 3 4 |  4.1
Fighting       | 6 8 10 11 13 14 | 14.3
Armour         | 5 8 10 12 13 14 | 14.4
Dodging        | 4 7 10 | 10.0
Evocations     | 1 5 7 8 |  8.7

Action                   |  1- 3 |  4- 6 |  7- 9 | 10-12 | 13-15 || total
-------------------------+-------+-------+-------+-------+-------++-------
Melee: Mace              |    50 |       |       |       |       ||    50
       Headbutt          |    14 |    25 |    52 |   114 |   102 ||   307
       Whip              |    23 |   181 |   151 |       |       ||   355
       Dire flail        |       |       |    58 |       |       ||    58
       Morningstar       |       |       |   137 |   630 |   422 ||  1189
Invok: Burn Spellbooks   |       |       |     1 |     1 |       ||     2
       Trog's Hand       |       |       |       |     9 |    12 ||    21
       Berserk           |       |       |       |     7 |    11 ||    18
       Brothers in Arms  |       |       |       |     4 |     3 ||     7
Evoke: Lightning rod     |       |       |       |       |     3 ||     3
       Wand              |       |       |       |       |     5 ||     5
  Use: Scroll            |       |       |    10 |    10 |     5 ||    25
       Potion            |       |       |       |     1 |     4 ||     5
  Eat: Chunk             |     1 |     7 |    13 |    32 |    17 ||    70
       Royal jelly       |       |       |       |     1 |     8 ||     9
       Fruit             |       |       |       |       |     1 ||     1
Armor: Animal skin       |    16 |     2 |       |       |       ||    18
       Ring mail         |       |    38 |    28 |       |       ||    66
       Plate armour      |       |       |    93 |   107 |    12 ||   212
       Chain mail        |       |       |       |   281 |   225 ||   506
       Scale mail        |       |       |       |       |    27 ||    27
Dodge: Dodged            |    60 |    73 |   107 |   358 |   224 ||   822
Block: Buckler           |     6 |    22 |    46 |   128 |    74 ||   276

Table legend:
 A = Spawn XP
 B = Non-spawn XP
 C = Spawn XP percentage of total XP
 D = Spawn monster count
 E = Non-spawn monster count
 F = Spawn count percentage of total count
 G = Total turns spent on level
                    A         B        C        D         E        F      G
               +---------+---------+-------+---------+---------+-------+---------
         Total |    3155 |   78920 |   3.8 |       3 |     572 |   0.5 | 19511
               +---------+---------+-------+---------+---------+-------+---------
           D:1 |       0 |      46 |   0.0 |       0 |      23 |   0.0 |   967
           D:2 |       0 |      85 |   0.0 |       0 |      29 |   0.0 |   944
           D:3 |       0 |     118 |   0.0 |       0 |      26 |   0.0 |   839
           D:4 |       0 |     569 |   0.0 |       0 |      26 |   0.0 |  1031
           D:5 |       0 |     413 |   0.0 |       0 |      17 |   0.0 |   763
           D:6 |       0 |     997 |   0.0 |       0 |      22 |   0.0 |   843
           D:7 |       0 |    1786 |   0.0 |       0 |      23 |   0.0 |  1050
           D:8 |       0 |    3411 |   0.0 |       0 |      64 |   0.0 |  1403
           D:9 |       0 |    1420 |   0.0 |       0 |      38 |   0.0 |   857
          D:10 |       0 |    5346 |   0.0 |       0 |      40 |   0.0 |  1452
          D:11 |       0 |    8596 |   0.0 |       0 |      41 |   0.0 |  1137
          D:12 |       0 |    7810 |   0.0 |       0 |      48 |   0.0 |  1495
          D:13 |       0 |    8090 |   0.0 |       0 |      45 |   0.0 |  1013
          D:14 |       0 |   19837 |   0.0 |       0 |      40 |   0.0 |  2142
          D:15 |       0 |   15910 |   0.0 |       0 |      44 |   0.0 |  1961
        Lair:1 |       0 |    1891 |   0.0 |       0 |      10 |   0.0 |   788
        Lair:2 |       0 |    1651 |   0.0 |       0 |       6 |   0.0 |   128
       Abyss:1 |    3155 |     345 |  90.1 |       3 |       2 |  60.0 |   120
         Sewer |       0 |     599 |   0.0 |       0 |      28 |   0.0 |   578
               +---------+---------+-------+---------+---------+-------+---------
